WCHLSIM.com - West Coast Hockey League
html PUBLIC "-//W3C//DTD XHTML 1.0 Transitional//EN" "http://www.w3.org/TR/xhtml1/DTD/xhtml1-transitional.dtd"> WCHL - Game 535 - PORTLAND PIRATES vs LOS ANGELES SEALS

PORTLAND PIRATES vs LOS ANGELES SEALS

Created - 4 janvier 2023 at 09:01

Goals
1 2 3 OT1 T
PORTLAND PIRATES 0 1 0 1 2
LOS ANGELES SEALS 1 0 0 0 1
Shots
1 2 3 OT1 T
PORTLAND PIRATES 11 9 10 1 31
LOS ANGELES SEALS 10 3 10 2 25

1st period

1. LOS ANGELES SEALS , Jakub Voracek 7 (Nick Bonino 4) at 3:29

Penalties :
Gabriel Landeskog (POR) for Interference (Minor) at 7:33, Thomas Chabot (POR) for Diving (Minor) at 9:46

2nd period

2. PORTLAND PIRATES , Rickard Rakell 8 (Mark Borowiecki 1, Pavel Zacha 8) at 1:41

Penalties :
Owen Tippett (LOS) for Cross-checking (Minor) at 1:55, Owen Tippett (LOS) for Elbowing (Minor) at 8:52, Brian Dumoulin (POR) for Slashing (Minor) at 8:52, Brady Skjei (LOS) for Goalie Interference (Minor) at 12:45

3rd period

No Goal

Penalties :
Mark Borowiecki (POR) for Cross-checking (Minor) at 5:08

Overtime #1

3. PORTLAND PIRATES , Gabriel Landeskog 12 (Mika Zibanejad 26, Thomas Chabot 11) at 2:56

Penalties :
No Penalty

Goalie Stats

Cameron Talbot (POR), 24 saves from 25 shots - (0,960), W, 14-6-5, 62:57 minutes
Linus Ullmark (LOS), 29 saves from 31 shots - (0,935), OTL, 13-8-4, 62:57 minutes

Players Stats for PORTLAND PIRATES

Player Name              G  A  P  +/- PIM S  H  SB GA TA FO     MP     PP MP  PK MP  
------------------------------------------------------------------------------------
Ben Hutton               0  0  0   1  0   0  0  3  0  0  0/0    17:05   0:00   3:05 
Brett Pesce              0  0  0  -1  0   1  2  1  0  0  0/0    24:39   2:03   2:52 
Brian Dumoulin           0  0  0   0  2   0  0  2  0  0  0/0    20:54   0:00   3:05 
Chandler Stephenson      0  0  0   0  0   3  1  0  0  0  2/4    19:35   1:44   0:00 
Gabriel Landeskog        1  0  1   0  2   7  5  0  0  0  0/0    19:56   2:14   0:00 
Jonathan Toews           0  0  0   1  0   0  0  1  0  0  10/14  14:03   1:55   0:00 
Mark Borowiecki          0  1  1   1  2   0  4  1  0  0  0/0    15:32   0:00   1:53 
Michael Amadio           0  0  0   0  0   3  0  0  0  0  0/0     5:46   0:00   1:51 
Mika Zibanejad           0  1  1   1  0   2  0  1  0  0  13/29  20:16   2:14   0:00 
Pavel Zacha              0  1  1   1  0   3  2  0  0  0  1/10   16:49   0:00   3:50 
Rickard Rakell           1  0  1   1  0   4  0  0  0  0  0/1    15:25   2:03   1:14 
Robert Thomas            0  0  0  -1  0   4  0  0  0  0  10/19  19:46   2:14   0:00 
Ryan Donato              0  0  0   0  0   0  0  0  0  0  0/2     3:55   0:00   0:00 
Thomas Chabot            0  1  1   1  2   0  1  3  0  0  0/0    22:57   1:55   0:00 
Travis Hamonic           0  0  0  -1  0   0  1  1  0  0  0/0    17:49   0:00   0:59 
Travis Konecny           0  0  0   0  0   1  0  0  0  0  1/1    18:12   1:44   0:00 
William Carrier          0  0  0   0  0   0  2  0  0  0  0/0     7:03   0:00   3:08 
Yanni Gourde             0  0  0  -1  0   3  0  0  0  0  2/3    21:09   1:44   1:51 

Players Stats for LOS ANGELES SEALS

Player Name              G  A  P  +/- PIM S  H  SB GA TA FO     MP     PP MP  PK MP  
------------------------------------------------------------------------------------
Brady Skjei              0  0  0   0  2   0  1  4  0  0  0/0    21:36   2:46   0:20 
Brandon Carlo            0  0  0   0  0   0  5  0  0  0  0/0    14:30   0:00   0:00 
Christian Dvorak         0  0  0   0  0   1  0  0  0  0  5/12    8:17   0:00   1:20 
Dean Kukan               0  0  0   0  0   0  0  0  0  0  0/0     2:22   0:00   0:26 
Dylan Strome             0  0  0   0  0   2  0  0  0  0  5/10   18:46   1:18   0:00 
Filip Hronek             0  0  0   0  0   0  4  0  0  0  0/0    21:31   3:11   2:21 
Gustav Nyquist           0  0  0   0  0   2  2  0  0  0  0/3    21:28   3:40   0:47 
Jakub Voracek            1  0  1  -1  0   3  2  0  0  0  1/4    22:19   2:17   0:47 
Juho Lammikko            0  0  0   0  0   1  1  0  0  0  0/0     6:57   0:00   0:00 
Marcus Pettersson        0  0  0   0  0   1  2  1  0  0  0/0    15:21   0:00   0:51 
Matthew Boldy            0  0  0   0  0   2  0  0  0  0  0/0    14:03   0:00   0:00 
Mikael Backlund          0  0  0  -1  0   5  1  0  0  0  17/24  25:35   3:40   3:11 
Nick Bonino              0  1  1   0  0   2  0  0  0  0  0/0    19:52   2:17   0:00 
Nicolas Roy              0  0  0   0  0   1  4  0  0  0  12/23  20:21   2:17   0:00 
Nikita Kucherov          0  0  0   0  0   4  0  0  0  0  3/6    13:53   2:22   1:51 
Noah Dobson              0  0  0   0  0   1  4  1  0  0  0/0    21:53   3:11   2:21 
Owen Tippett             0  0  0   0  4   0  0  0  0  0  1/1     8:24   0:00   0:00 
Torey Krug               0  0  0  -1  0   0  1  2  0  0  0/0    25:43   2:46   1:37 

3 Stars

1 - Cameron Talbot (POR)
2 - Rickard Rakell (POR)
3 - Gabriel Landeskog (POR)

Power Play

PORTLAND PIRATES - 0 on 2 Attempt(s) - 0,00%
LOS ANGELES SEALS - 0 on 3 Attempt(s) - 0,00%

Penalty Kill

PORTLAND PIRATES - 3 on 3 Attempt(s) - 100,00% - Score 0 goal in Penalty Kill
LOS ANGELES SEALS - 2 on 2 Attempt(s) - 100,00% - Score 0 goal in Penalty Kill

Team Stat

PORTLAND PIRATES - Hits : 18 - Faceoff Wins : 39 - Blocked Shots : 13 - Penalty Minutes : 8
LOS ANGELES SEALS - Hits : 27 - Faceoff Wins : 44 - Blocked Shots : 8 - Penalty Minutes : 6

Official

Referees : Dave Lewis and Ryan Hersey
Linesman : Justin Cornell and Kory Nagy

Game Notes

Nikita Kucherov is injured at 12:47 of 2nd period (Bruised Left Shoulder)

Finance

Level 1 -- Attendance: 6000 (100,00%) -- Ticket Income 900 000 $
Level 2 -- Attendance: 5000 (100,00%) -- Ticket Income 495 000 $
Level 3 -- Attendance: 2000 (100,00%) -- Ticket Income 168 000 $
Level 4 -- Attendance: 3117 (77,93%) -- Ticket Income 249 360 $
Luxury Box -- Attendance: 1000 (100,00%) -- Ticket Income 300 000 $
Total Attendance: 17117 (95,09%)
Total Ticket Income: 2 112 360 $
Other Expense: 21 124 $
Total Income: 2 091 236 $

PORTLAND PIRATES

5 vs 5 Forward 
   Center                   Left Wing                Right Wing               Time % Phy DF OF 
 1 Mika Zibanejad           Chandler Stephenson      Travis Konecny           34     0   2  3  
 2 Robert Thomas            Gabriel Landeskog        Yanni Gourde             34     0   2  3  
 3 Jonathan Toews           Pavel Zacha              Rickard Rakell           25     0   2  3  
 4 Ryan Donato              William Carrier          Michael Amadio           7      1   2  2  

5 vs 5 Defense 
   Defense                  Defense                                           Time % Phy DF OF 
 1 Brian Dumoulin           Thomas Chabot                                     35     0   3  2  
 2 Brett Pesce              Travis Hamonic                                    33     0   4  1  
 3 Ben Hutton               Mark Borowiecki                                   20     1   4  0  
 4 Ben Hutton               Mark Borowiecki                                   12     1   4  0  

PowerPlay Forward 
   Center                   Left Wing                Right Wing               Time % Phy DF OF 
 1 Mika Zibanejad           Gabriel Landeskog        Robert Thomas            60     0   1  4  
 2 Chandler Stephenson      Yanni Gourde             Travis Konecny           40     0   1  4  

PowerPlay Defense
   Defense                  Defense                                           Time % Phy DF OF 
 1 Thomas Chabot            Jonathan Toews                                    60     0   2  3  
 2 Brett Pesce              Rickard Rakell                                    40     0   2  3  

Penalty Kill 4 Players Forward 
   Center                   Wing                     Time % Phy DF OF 
 1 Pavel Zacha              William Carrier          60     0   5  0  
 2 Yanni Gourde             Michael Amadio           40     0   5  0  

Penalty Kill 4 Players Defense
   Defense                  Defense                  Time % Phy DF OF 
 1 Brian Dumoulin           Ben Hutton               60     0   5  0  
 2 Brett Pesce              Mark Borowiecki          40     0   5  0  

Penalty Kill - 3 Players Forward 
   Forward                                           Time % Phy DF OF 
 1 William Carrier                                   55     0   5  0  
 2 Michael Amadio                                    45     0   5  0  

Penalty Kill - 3 Players Defense
   Defense                  Defense                  Time % Phy DF OF 
 1 Brian Dumoulin           Ben Hutton               55     0   5  0  
 2 Brett Pesce              Mark Borowiecki          45     0   5  0  

4 vs 4 Forward 
   Center                   Wing                     Time % Phy DF OF 
 1 Pavel Zacha              Yanni Gourde             55     0   2  3  
 2 Jonathan Toews           Rickard Rakell           45     0   2  3  

4 vs 4 Defense
   Defense                  Defense                  Time % Phy DF OF 
 1 Brian Dumoulin           Thomas Chabot            55     0   3  2  
 2 Brett Pesce              Ben Hutton               45     0   3  2  

Last Minutes Offensive
   Center                   Left Wing                Right Wing               Defense                  Defense                  
   Mika Zibanejad           Gabriel Landeskog        Robert Thomas            Thomas Chabot            Brett Pesce              

Last Minutes Defensive
   Center                   Left Wing                Right Wing               Defense                  Defense                  
   Yanni Gourde             William Carrier          Michael Amadio           Brian Dumoulin           Ben Hutton               

Goaltenders
Starting : Cameron Talbot           
Backup : Kevin Lankinen           

Extra Forwards
Normal : Ryan Donato, Jonathan Toews, Pavel Zacha - PP : Rickard Rakell, Jonathan Toews - PK : Rickard Rakell
Extra Defensemen
Normal : Ben Hutton, Mark Borowiecki, Brett Pesce - PP : Ben Hutton - PK : Mark Borowiecki, Brett Pesce
Penalty Shots
Mika Zibanejad, Gabriel Landeskog, Robert Thomas, Chandler Stephenson, Rickard Rakell
Custom OT Lines Forwards
Mika Zibanejad, Gabriel Landeskog, Chandler Stephenson, Robert Thomas, Yanni Gourde, Rickard Rakell, Jonathan Toews, Pavel Zacha, Travis Konecny, Michael Amadio
Custom OT Lines Defensemen
Thomas Chabot, Brett Pesce, Brian Dumoulin, Travis Hamonic, Ben Hutton

Scratches
None

LOS ANGELES SEALS

5 vs 5 Forward 
   Center                   Left Wing                Right Wing               Time % Phy DF OF 
 1 Mikael Backlund          Gustav Nyquist           Nikita Kucherov          36     1   2  2  
 2 Nicolas Roy              Nick Bonino              Jakub Voracek            31     1   2  2  
 3 Dylan Strome             Matthew Boldy            Owen Tippett             23     1   2  2  
 4 Christian Dvorak         Juho Lammikko            Nikita Kucherov          10     1   2  2  

5 vs 5 Defense 
   Defense                  Defense                                           Time % Phy DF OF 
 1 Torey Krug               Brady Skjei                                       36     1   2  2  
 2 Noah Dobson              Filip Hronek                                      31     1   2  2  
 3 Brandon Carlo            Marcus Pettersson                                 23     1   2  2  
 4 Dean Kukan               Torey Krug                                        10     1   2  2  

PowerPlay Forward 
   Center                   Left Wing                Right Wing               Time % Phy DF OF 
 1 Mikael Backlund          Gustav Nyquist           Nikita Kucherov          55     1   2  2  
 2 Nicolas Roy              Nick Bonino              Jakub Voracek            45     1   2  2  

PowerPlay Defense
   Defense                  Defense                                           Time % Phy DF OF 
 1 Torey Krug               Brady Skjei                                       55     1   2  2  
 2 Noah Dobson              Filip Hronek                                      45     1   2  2  

Penalty Kill 4 Players Forward 
   Center                   Wing                     Time % Phy DF OF 
 1 Nikita Kucherov          Mikael Backlund          55     1   2  2  
 2 Jakub Voracek            Gustav Nyquist           45     1   2  2  

Penalty Kill 4 Players Defense
   Defense                  Defense                  Time % Phy DF OF 
 1 Torey Krug               Brady Skjei              55     1   2  2  
 2 Noah Dobson              Filip Hronek             45     1   2  2  

Penalty Kill - 3 Players Forward 
   Forward                                           Time % Phy DF OF 
 1 Nikita Kucherov                                   55     1   2  2  
 2 Mikael Backlund                                   45     1   2  2  

Penalty Kill - 3 Players Defense
   Defense                  Defense                  Time % Phy DF OF 
 1 Torey Krug               Brady Skjei              55     1   2  2  
 2 Noah Dobson              Filip Hronek             45     1   2  2  

4 vs 4 Forward 
   Center                   Wing                     Time % Phy DF OF 
 1 Nikita Kucherov          Mikael Backlund          55     1   2  2  
 2 Jakub Voracek            Gustav Nyquist           45     1   2  2  

4 vs 4 Defense
   Defense                  Defense                  Time % Phy DF OF 
 1 Torey Krug               Brady Skjei              55     1   2  2  
 2 Noah Dobson              Filip Hronek             45     1   2  2  

Last Minutes Offensive
   Center                   Left Wing                Right Wing               Defense                  Defense                  
   Mikael Backlund          Gustav Nyquist           Nikita Kucherov          Torey Krug               Brady Skjei              

Last Minutes Defensive
   Center                   Left Wing                Right Wing               Defense                  Defense                  
   Mikael Backlund          Gustav Nyquist           Nikita Kucherov          Torey Krug               Brady Skjei              

Goaltenders
Starting : Linus Ullmark            
Backup : Cal Petersen             

Extra Forwards
Normal : Dylan Strome, Matthew Boldy, Christian Dvorak - PP : Dylan Strome, Matthew Boldy - PK : Christian Dvorak
Extra Defensemen
Normal : Brandon Carlo, Marcus Pettersson, Dean Kukan - PP : Brandon Carlo - PK : Marcus Pettersson, Dean Kukan
Penalty Shots
Nikita Kucherov, Mikael Backlund, Jakub Voracek, Gustav Nyquist, Nicolas Roy
Custom OT Lines Forwards
Nikita Kucherov, Mikael Backlund, Jakub Voracek, Gustav Nyquist, Nicolas Roy, Nick Bonino, Dylan Strome, Matthew Boldy, Christian Dvorak, Owen Tippett
Custom OT Lines Defensemen
Torey Krug, Brady Skjei, Noah Dobson, Filip Hronek, Brandon Carlo

Scratches
Kyle Clifford (Healthy)

% Time on Ice - PORTLAND PIRATES

Lines # - Real PCT - Wanted PCT - Time Play
Normal Forward
1 - 34% - 34% - 16:28
2 - 34% - 34% - 16:09
3 - 24% - 25% - 11:34
4 - 8% - 7% - 3:55
Normal Defense
1 - 37% - 35% - 17:50
2 - 35% - 33% - 16:36
3 - 19% - 20% - 9:17
4 - 9% - 12% - 4:23
PP Forward
1 - 56% - 60% - 2:14
2 - 44% - 40% - 1:44
PP Defense
1 - 48% - 60% - 1:55
2 - 52% - 40% - 2:03
PK Forward
1 - 69% - 60% - 4:06
2 - 31% - 40% - 1:51
PK Defense
1 - 52% - 60% - 3:05
2 - 48% - 40% - 2:52
PK3 Forward
1 - 0% - 55%
2 - 0% - 45%
PK3 Defense
1 - 0% - 55%
2 - 0% - 45%
44 Forward
1 - 71% - 55% - 1:25
2 - 29% - 45% - 0:34
44 Defense
1 - 83% - 55% - 1:39
2 - 17% - 45% - 0:20
Last Minute Offensive  - 0:00
Last Minute Defensive  - 0:00
Total
Forward - 60:00
Defense - 60:00

% Time on Ice - LOS ANGELES SEALS

Lines # - Real PCT - Wanted PCT - Time Play
Normal Forward
1 - 32% - 36% - 15:30
2 - 36% - 31% - 17:13
3 - 18% - 23% - 8:26
4 - 14% - 10% - 6:57
Normal Defense
1 - 34% - 36% - 16:10
2 - 32% - 31% - 15:30
3 - 30% - 23% - 14:30
4 - 4% - 10% - 1:56
PP Forward
1 - 62% - 55% - 3:40
2 - 38% - 45% - 2:17
PP Defense
1 - 46% - 55% - 2:46
2 - 54% - 45% - 3:11
PK Forward
1 - 80% - 55% - 3:11
2 - 20% - 45% - 0:47
PK Defense
1 - 41% - 55% - 1:37
2 - 59% - 45% - 2:21
PK3 Forward
1 - 0% - 55%
2 - 0% - 45%
PK3 Defense
1 - 0% - 55%
2 - 0% - 45%
44 Forward
1 - 76% - 55% - 1:30
2 - 24% - 45% - 0:29
44 Defense
1 - 76% - 55% - 1:30
2 - 24% - 45% - 0:29
Last Minute Offensive  - 0:00
Last Minute Defensive  - 0:00
Total
Forward - 60:00
Defense - 60:00

Play-by-Play

1st period


0:01 of 1st period - Mika Zibanejad wins face-off versus Mikael Backlund in neutral zone.
0:04 of 1st period - Shot by Mika Zibanejad.
0:04 of 1st period - Shot Blocked by Brady Skjei.
0:31 of 1st period - Shot by Gustav Nyquist.
0:31 of 1st period - Shot Misses the Net.
0:33 of 1st period - Shot by Brady Skjei.
0:33 of 1st period - Shot Blocked by Mika Zibanejad.
0:45 of 1st period - Shot by Gustav Nyquist.
0:45 of 1st period - Shot Misses the Net.
1:17 of 1st period - Shot by Robert Thomas.
1:17 of 1st period - Stopped by Linus Ullmark without a rebound.
1:18 of 1st period - Jonathan Toews wins face-off versus Dylan Strome in LOS ANGELES SEALS zone.
1:18 of 1st period - Jonathan Toews is hit by Marcus Pettersson.
1:27 of 1st period - Pavel Zacha is hit by Brandon Carlo.
1:34 of 1st period - Owen Tippett is hit by Mark Borowiecki and loses puck.
1:43 of 1st period - Shot by Dylan Strome.
1:43 of 1st period - Shot Misses the Net.
1:57 of 1st period - Shot by Matthew Boldy.
1:57 of 1st period - Shot Blocked by Ben Hutton.
1:59 of 1st period - Shot by Marcus Pettersson.
1:59 of 1st period - Shot Misses the Net.
2:22 of 1st period - Nick Bonino is hit by Mark Borowiecki.
2:30 of 1st period - Shot by Jakub Voracek.
2:30 of 1st period - Stopped by Cameron Talbot without a rebound.
2:31 of 1st period - Robert Thomas wins face-off versus Christian Dvorak in PORTLAND PIRATES zone.
2:31 of 1st period - Yanni Gourde is hit by Juho Lammikko and loses puck.
3:29 of 1st period - Shot by Jakub Voracek.
3:29 of 1st period - Goal by Jakub Voracek - PORTLAND PIRATES : 0 - LOS ANGELES SEALS : 1.
3:30 of 1st period - Nicolas Roy wins face-off versus Ryan Donato in neutral zone.
3:30 of 1st period - Nicolas Roy is hit by William Carrier.
3:34 of 1st period - Shot by Nicolas Roy.
3:34 of 1st period - Shot Misses the Net.
3:36 of 1st period - Shot by Nick Bonino.
3:36 of 1st period - Stopped by Cameron Talbot without a rebound.
3:37 of 1st period - Dylan Strome wins face-off versus Mika Zibanejad in PORTLAND PIRATES zone.
4:06 of 1st period - Shot by Owen Tippett.
4:06 of 1st period - Deflect By Dylan Strome.
4:06 of 1st period - Shot Blocked by Brian Dumoulin.
4:38 of 1st period - Shot by Nikita Kucherov.
4:38 of 1st period - Stopped by Cameron Talbot without a rebound.
4:39 of 1st period - Nicolas Roy wins face-off versus Robert Thomas in PORTLAND PIRATES zone.
5:46 of 1st period - Shot by Ryan Donato.
5:46 of 1st period - Shot Misses the Net.
5:48 of 1st period - Shot by Michael Amadio.
5:48 of 1st period - Stopped by Linus Ullmark with a rebound.
5:50 of 1st period - Shot by Brett Pesce.
5:50 of 1st period - Shot Misses the Net.
5:52 of 1st period - Shot by Michael Amadio.
5:52 of 1st period - Shot Hit the Post.
6:08 of 1st period - Mikael Backlund is hit by William Carrier and loses puck.
6:17 of 1st period - Shot by Michael Amadio.
6:17 of 1st period - Stopped by Linus Ullmark with a rebound.
6:19 of 1st period - Shot by Brett Pesce.
6:19 of 1st period - Shot Blocked by Torey Krug.
6:45 of 1st period - Icing by Thomas Chabot.
6:46 of 1st period - Jonathan Toews wins face-off versus Dylan Strome in PORTLAND PIRATES zone.
7:04 of 1st period - Shot by Pavel Zacha.
7:04 of 1st period - Stopped by Linus Ullmark without a rebound.
7:05 of 1st period - Mika Zibanejad wins face-off versus Nicolas Roy in LOS ANGELES SEALS zone.
7:13 of 1st period - Off-side.
7:14 of 1st period - Mika Zibanejad wins face-off versus Nicolas Roy in neutral zone.
7:16 of 1st period - Off-side.
7:17 of 1st period - Robert Thomas wins face-off versus Nicolas Roy in neutral zone.
7:33 of 1st period - Minor Penalty to Gabriel Landeskog for Interference.
7:34 of 1st period - Mikael Backlund wins face-off versus Pavel Zacha in PORTLAND PIRATES zone.
7:55 of 1st period - Shot by Nikita Kucherov.
7:55 of 1st period - Stopped by Cameron Talbot without a rebound.
7:56 of 1st period - Nicolas Roy wins face-off versus Pavel Zacha in PORTLAND PIRATES zone.
8:21 of 1st period - Shot by Noah Dobson.
8:21 of 1st period - Stopped by Cameron Talbot without a rebound.
8:22 of 1st period - Yanni Gourde wins face-off versus Mikael Backlund in PORTLAND PIRATES zone.
9:43 of 1st period - Shot by Matthew Boldy.
9:43 of 1st period - Shot Blocked by Brian Dumoulin.
9:46 of 1st period - Minor Penalty to Thomas Chabot for Diving.
9:47 of 1st period - Nicolas Roy wins face-off versus Pavel Zacha in PORTLAND PIRATES zone.
10:27 of 1st period - Shot by Jakub Voracek.
10:27 of 1st period - Shot Misses the Net.
10:43 of 1st period - Michael Amadio is hit by Gustav Nyquist and loses puck.
11:08 of 1st period - Shot by Nikita Kucherov.
11:08 of 1st period - Stopped by Cameron Talbot without a rebound.
11:09 of 1st period - Pavel Zacha wins face-off versus Nikita Kucherov in PORTLAND PIRATES zone.
12:43 of 1st period - Icing by Brett Pesce.
12:44 of 1st period - Nicolas Roy wins face-off versus Mika Zibanejad in PORTLAND PIRATES zone.
12:54 of 1st period - Icing by Brett Pesce.
12:55 of 1st period - Mikael Backlund wins face-off versus Mika Zibanejad in PORTLAND PIRATES zone.
13:17 of 1st period - Shot by Nikita Kucherov.
13:17 of 1st period - Shot Misses the Net.
13:31 of 1st period - Shot by Nikita Kucherov.
13:31 of 1st period - Shot Blocked by Brett Pesce.
13:34 of 1st period - Icing by Chandler Stephenson.
13:35 of 1st period - Mika Zibanejad wins face-off versus Nicolas Roy in PORTLAND PIRATES zone.
13:35 of 1st period - Mika Zibanejad is hit by Jakub Voracek.
14:15 of 1st period - Shot by Jakub Voracek.
14:15 of 1st period - Stopped by Cameron Talbot without a rebound.
14:16 of 1st period - Mikael Backlund wins face-off versus Pavel Zacha in PORTLAND PIRATES zone.
14:37 of 1st period - Shot by Mikael Backlund.
14:37 of 1st period - Shot Blocked by Ben Hutton.
14:58 of 1st period - Shot by Rickard Rakell.
14:58 of 1st period - Stopped by Linus Ullmark without a rebound.
14:59 of 1st period - Nicolas Roy wins face-off versus Yanni Gourde in LOS ANGELES SEALS zone.
16:13 of 1st period - Shot by Mika Zibanejad.
16:13 of 1st period - Stopped by Linus Ullmark with a rebound.
16:15 of 1st period - Shot by Mika Zibanejad.
16:15 of 1st period - Shot Blocked by Marcus Pettersson.
16:25 of 1st period - Shot by Travis Konecny.
16:25 of 1st period - Stopped by Linus Ullmark without a rebound.
16:26 of 1st period - Mikael Backlund wins face-off versus Jonathan Toews in LOS ANGELES SEALS zone.
16:31 of 1st period - Travis Hamonic is hit by Mikael Backlund and loses puck.
16:58 of 1st period - Shot by Gustav Nyquist.
16:58 of 1st period - Stopped by Cameron Talbot without a rebound.
16:59 of 1st period - Mika Zibanejad wins face-off versus Jakub Voracek in PORTLAND PIRATES zone.
17:16 of 1st period - Shot by Nick Bonino.
17:16 of 1st period - Stopped by Cameron Talbot without a rebound.
17:17 of 1st period - Dylan Strome wins face-off versus Robert Thomas in PORTLAND PIRATES zone.
17:42 of 1st period - Shot by Robert Thomas.
17:42 of 1st period - Shot Misses the Net.
17:44 of 1st period - Shot by Robert Thomas.
17:44 of 1st period - Shot Misses the Net.
17:50 of 1st period - Shot by Robert Thomas.
17:50 of 1st period - Stopped by Linus Ullmark without a rebound.
17:51 of 1st period - Jonathan Toews wins face-off versus Mikael Backlund in LOS ANGELES SEALS zone.
17:54 of 1st period - Shot by Rickard Rakell.
17:54 of 1st period - Stopped by Linus Ullmark without a rebound.
17:55 of 1st period - Mikael Backlund wins face-off versus Jonathan Toews in LOS ANGELES SEALS zone.
17:55 of 1st period - Mikael Backlund is hit by Pavel Zacha.
18:00 of 1st period - Nikita Kucherov is hit by Pavel Zacha and loses puck.
18:07 of 1st period - Shot by Pavel Zacha.
18:07 of 1st period - Shot Misses the Net.
18:09 of 1st period - Shot by Pavel Zacha.
18:09 of 1st period - Shot Misses the Net.
18:27 of 1st period - Shot by Pavel Zacha.
18:27 of 1st period - Stopped by Linus Ullmark without a rebound.
18:28 of 1st period - Robert Thomas wins face-off versus Jakub Voracek in LOS ANGELES SEALS zone.
18:28 of 1st period - Robert Thomas is hit by Filip Hronek.
18:39 of 1st period - Robert Thomas is hit by Noah Dobson and loses puck.
18:42 of 1st period - Shot by Gabriel Landeskog.
18:42 of 1st period - Stopped by Linus Ullmark without a rebound.
18:43 of 1st period - Mika Zibanejad wins face-off versus Dylan Strome in LOS ANGELES SEALS zone.
18:43 of 1st period - Mika Zibanejad is hit by Brandon Carlo.
18:57 of 1st period - Icing by Brandon Carlo.
18:58 of 1st period - Dylan Strome wins face-off versus Robert Thomas in LOS ANGELES SEALS zone.
19:03 of 1st period - Shot by Robert Thomas.
19:03 of 1st period - Shot Misses the Net.
19:38 of 1st period - Robert Thomas is hit by Brandon Carlo and loses puck.
Goals for this period are 0 for PORTLAND PIRATES vs 1 for LOS ANGELES SEALS.
Shots for this period are 11 for PORTLAND PIRATES vs 10 for LOS ANGELES SEALS.

2nd period


0:01 of 2nd period - Mikael Backlund wins face-off versus Mika Zibanejad in neutral zone.
0:03 of 2nd period - Off-side.
0:04 of 2nd period - Mika Zibanejad wins face-off versus Mikael Backlund in neutral zone.
0:14 of 2nd period - Shot by Mika Zibanejad.
0:14 of 2nd period - Shot Misses the Net.
1:21 of 2nd period - Nicolas Roy is hit by Mark Borowiecki and loses puck.
1:41 of 2nd period - Shot by Rickard Rakell.
1:41 of 2nd period - Goal by Rickard Rakell - PORTLAND PIRATES : 1 - LOS ANGELES SEALS : 1.
1:42 of 2nd period - Robert Thomas wins face-off versus Dylan Strome in neutral zone.
1:45 of 2nd period - Dylan Strome is hit by Gabriel Landeskog and loses puck.
1:55 of 2nd period - Minor Penalty to Owen Tippett for Cross-checking.
1:56 of 2nd period - Mika Zibanejad wins face-off versus Nikita Kucherov in LOS ANGELES SEALS zone.
2:55 of 2nd period - Shot by Yanni Gourde.
2:55 of 2nd period - Stopped by Linus Ullmark with a rebound.
2:57 of 2nd period - Shot by Brett Pesce.
2:57 of 2nd period - Shot Misses the Net.
2:59 of 2nd period - Shot by Rickard Rakell.
2:59 of 2nd period - Shot Misses the Net.
3:06 of 2nd period - Chandler Stephenson is hit by Filip Hronek.
3:11 of 2nd period - Travis Konecny is hit by Noah Dobson and loses puck.
3:52 of 2nd period - Torey Krug is hit by Gabriel Landeskog and loses puck.
4:03 of 2nd period - Shot by Matthew Boldy.
4:03 of 2nd period - Shot Misses the Net.
5:08 of 2nd period - Icing by Nicolas Roy.
5:09 of 2nd period - Nicolas Roy wins face-off versus Robert Thomas in LOS ANGELES SEALS zone.
5:09 of 2nd period - Nicolas Roy is hit by Gabriel Landeskog.
5:17 of 2nd period - Icing by Brian Dumoulin.
5:18 of 2nd period - Robert Thomas wins face-off versus Nicolas Roy in PORTLAND PIRATES zone.
5:18 of 2nd period - Robert Thomas is hit by Jakub Voracek.
5:34 of 2nd period - Shot by Robert Thomas.
5:34 of 2nd period - Stopped by Linus Ullmark without a rebound.
5:35 of 2nd period - Jonathan Toews wins face-off versus Dylan Strome in LOS ANGELES SEALS zone.
5:56 of 2nd period - Matthew Boldy is hit by Brett Pesce and loses puck.
6:09 of 2nd period - Shot by Dylan Strome.
6:09 of 2nd period - Shot Blocked by Travis Hamonic.
6:14 of 2nd period - Owen Tippett is hit by Brett Pesce and loses puck.
6:24 of 2nd period - Icing by Pavel Zacha.
6:25 of 2nd period - Mikael Backlund wins face-off versus Jonathan Toews in PORTLAND PIRATES zone.
6:26 of 2nd period - Shot by Nikita Kucherov.
6:26 of 2nd period - Stopped by Cameron Talbot without a rebound.
6:27 of 2nd period - Robert Thomas wins face-off versus Gustav Nyquist in PORTLAND PIRATES zone.
6:57 of 2nd period - Off-side.
6:58 of 2nd period - Mika Zibanejad wins face-off versus Nicolas Roy in neutral zone.
7:08 of 2nd period - Travis Konecny is hit by Brady Skjei.
7:28 of 2nd period - Shot by Mika Zibanejad.
7:28 of 2nd period - Shot Misses the Net.
7:47 of 2nd period - Icing by Ben Hutton.
7:48 of 2nd period - Nikita Kucherov wins face-off versus Mika Zibanejad in PORTLAND PIRATES zone.
8:05 of 2nd period - Shot by Nikita Kucherov.
8:05 of 2nd period - Shot Blocked by Ben Hutton.
8:29 of 2nd period - Shot by Mikael Backlund.
8:29 of 2nd period - Shot Misses the Net.
8:31 of 2nd period - Shot by Mikael Backlund.
8:31 of 2nd period - Shot Misses the Net.
8:33 of 2nd period - Shot by Mikael Backlund.
8:33 of 2nd period - Stopped by Cameron Talbot without a rebound.
8:34 of 2nd period - Owen Tippett wins face-off versus Robert Thomas in PORTLAND PIRATES zone.
8:52 of 2nd period - Minor Penalty to Owen Tippett for Elbowing.
8:52 of 2nd period - Minor Penalty to Brian Dumoulin for Slashing.
8:53 of 2nd period - Nikita Kucherov wins face-off versus Pavel Zacha in PORTLAND PIRATES zone.
9:22 of 2nd period - Shot by Mikael Backlund.
9:22 of 2nd period - Shot Blocked by Thomas Chabot.
9:34 of 2nd period - Shot by Yanni Gourde.
9:34 of 2nd period - Stopped by Linus Ullmark without a rebound.
9:35 of 2nd period - Jonathan Toews wins face-off versus Gustav Nyquist in LOS ANGELES SEALS zone.
9:48 of 2nd period - Shot by Rickard Rakell.
9:48 of 2nd period - Stopped by Linus Ullmark without a rebound.
9:49 of 2nd period - Jakub Voracek wins face-off versus Pavel Zacha in LOS ANGELES SEALS zone.
10:01 of 2nd period - Icing by Pavel Zacha.
10:02 of 2nd period - Yanni Gourde wins face-off versus Nikita Kucherov in PORTLAND PIRATES zone.
11:46 of 2nd period - Icing by Ben Hutton.
11:47 of 2nd period - Dylan Strome wins face-off versus Mika Zibanejad in PORTLAND PIRATES zone.
12:18 of 2nd period - Shot by Dylan Strome.
12:18 of 2nd period - Shot Misses the Net.
12:41 of 2nd period - Gabriel Landeskog is hit by Torey Krug and loses puck.
12:45 of 2nd period - Minor Penalty to Brady Skjei for Goalie Interference.
12:46 of 2nd period - Nikita Kucherov wins face-off versus Chandler Stephenson in LOS ANGELES SEALS zone.
12:46 of 2nd period - Nikita Kucherov is hit by Chandler Stephenson.
12:47 of 2nd period - Nikita Kucherov from LOS ANGELES SEALS is injured at 12:47 of 2nd period (Bruised Left Shoulder).
12:48 of 2nd period - Christian Dvorak wins face-off versus Mika Zibanejad in LOS ANGELES SEALS zone.
13:15 of 2nd period - Shot by Gabriel Landeskog.
13:15 of 2nd period - Stopped by Linus Ullmark without a rebound.
13:16 of 2nd period - Travis Konecny wins face-off versus Jakub Voracek in LOS ANGELES SEALS zone.
13:23 of 2nd period - Shot by Chandler Stephenson.
13:23 of 2nd period - Stopped by Linus Ullmark without a rebound.
13:24 of 2nd period - Chandler Stephenson wins face-off versus Christian Dvorak in LOS ANGELES SEALS zone.
13:53 of 2nd period - Shot by Yanni Gourde.
13:53 of 2nd period - Stopped by Linus Ullmark without a rebound.
13:54 of 2nd period - Christian Dvorak wins face-off versus Mika Zibanejad in LOS ANGELES SEALS zone.
14:33 of 2nd period - Shot by Christian Dvorak.
14:33 of 2nd period - Stopped by Cameron Talbot without a rebound.
14:34 of 2nd period - Christian Dvorak wins face-off versus Chandler Stephenson in PORTLAND PIRATES zone.
14:40 of 2nd period - Icing by Yanni Gourde.
14:41 of 2nd period - Chandler Stephenson wins face-off versus Christian Dvorak in PORTLAND PIRATES zone.
14:55 of 2nd period - Ryan Donato is hit by Noah Dobson and loses puck.
15:00 of 2nd period - Shot by Michael Amadio.
15:00 of 2nd period - Shot Misses the Net.
15:02 of 2nd period - Shot by Ben Hutton.
15:02 of 2nd period - Shot Blocked by Noah Dobson.
15:31 of 2nd period - William Carrier is hit by Noah Dobson and loses puck.
15:44 of 2nd period - Travis Hamonic is hit by Nicolas Roy and loses puck.
16:15 of 2nd period - Shot by Robert Thomas.
16:15 of 2nd period - Shot Blocked by Brady Skjei.
17:06 of 2nd period - Jonathan Toews is hit by Brandon Carlo and loses puck.
17:14 of 2nd period - Pavel Zacha is hit by Marcus Pettersson and loses puck.
17:27 of 2nd period - Shot by Pavel Zacha.
17:27 of 2nd period - Stopped by Linus Ullmark without a rebound.
17:28 of 2nd period - Mika Zibanejad wins face-off versus Nicolas Roy in LOS ANGELES SEALS zone.
17:38 of 2nd period - Icing by Noah Dobson.
17:39 of 2nd period - Nicolas Roy wins face-off versus Mika Zibanejad in LOS ANGELES SEALS zone.
17:44 of 2nd period - Thomas Chabot is hit by Nicolas Roy and loses puck.
19:08 of 2nd period - Shot by Rickard Rakell.
19:08 of 2nd period - Shot Misses the Net.
19:35 of 2nd period - Icing by Travis Hamonic.
19:36 of 2nd period - Jonathan Toews wins face-off versus Christian Dvorak in PORTLAND PIRATES zone.
Goals for this period are 1 for PORTLAND PIRATES vs 0 for LOS ANGELES SEALS.
Shots for this period are 9 for PORTLAND PIRATES vs 3 for LOS ANGELES SEALS.

3rd period


0:01 of 3rd period - Mikael Backlund wins face-off versus Robert Thomas in neutral zone.
0:36 of 3rd period - Shot by Mikael Backlund.
0:36 of 3rd period - Stopped by Cameron Talbot without a rebound.
0:37 of 3rd period - Jonathan Toews wins face-off versus Nicolas Roy in PORTLAND PIRATES zone.
1:31 of 3rd period - Icing by Filip Hronek.
1:32 of 3rd period - Robert Thomas wins face-off versus Nicolas Roy in LOS ANGELES SEALS zone.
1:36 of 3rd period - Robert Thomas is hit by Filip Hronek and loses puck.
1:51 of 3rd period - Mikael Backlund is hit by Gabriel Landeskog.
1:59 of 3rd period - Shot by Robert Thomas.
1:59 of 3rd period - Shot Blocked by Torey Krug.
2:01 of 3rd period - Shot by Travis Hamonic.
2:01 of 3rd period - Shot Blocked by Brady Skjei.
2:03 of 3rd period - Shot by Gabriel Landeskog.
2:03 of 3rd period - Shot Misses the Net.
2:17 of 3rd period - Shot by Gabriel Landeskog.
2:17 of 3rd period - Stopped by Linus Ullmark without a rebound.
2:18 of 3rd period - Mika Zibanejad wins face-off versus Christian Dvorak in LOS ANGELES SEALS zone.
2:19 of 3rd period - Shot by Chandler Stephenson.
2:19 of 3rd period - Stopped by Linus Ullmark with a rebound.
2:31 of 3rd period - Shot by Chandler Stephenson.
2:31 of 3rd period - Stopped by Linus Ullmark without a rebound.
2:32 of 3rd period - Mikael Backlund wins face-off versus Rickard Rakell in LOS ANGELES SEALS zone.
3:07 of 3rd period - Shot by Jonathan Toews.
3:07 of 3rd period - Shot Misses the Net.
3:53 of 3rd period - Shot by Dylan Strome.
3:53 of 3rd period - Shot Misses the Net.
4:26 of 3rd period - Nicolas Roy is hit by Travis Hamonic and loses puck.
4:44 of 3rd period - Jakub Voracek is hit by Gabriel Landeskog and loses puck.
4:53 of 3rd period - Shot by Nick Bonino.
4:53 of 3rd period - Shot Blocked by Mark Borowiecki.
5:08 of 3rd period - Minor Penalty to Mark Borowiecki for Cross-checking.
5:09 of 3rd period - Mikael Backlund wins face-off versus Pavel Zacha in PORTLAND PIRATES zone.
5:22 of 3rd period - Shot by Dylan Strome.
5:22 of 3rd period - Stopped by Cameron Talbot without a rebound.
5:23 of 3rd period - Mikael Backlund wins face-off versus Pavel Zacha in PORTLAND PIRATES zone.
5:48 of 3rd period - Shot by Gustav Nyquist.
5:48 of 3rd period - Shot Misses the Net.
6:45 of 3rd period - Brett Pesce is hit by Nicolas Roy and loses puck.
7:06 of 3rd period - Shot by Nicolas Roy.
7:06 of 3rd period - Shot Misses the Net.
7:17 of 3rd period - Shot by Mika Zibanejad.
7:17 of 3rd period - Stopped by Linus Ullmark without a rebound.
7:18 of 3rd period - Robert Thomas wins face-off versus Christian Dvorak in LOS ANGELES SEALS zone.
7:27 of 3rd period - Shot by Robert Thomas.
7:27 of 3rd period - Stopped by Linus Ullmark without a rebound.
7:28 of 3rd period - Christian Dvorak wins face-off versus Robert Thomas in LOS ANGELES SEALS zone.
7:35 of 3rd period - Shot by Gabriel Landeskog.
7:35 of 3rd period - Stopped by Linus Ullmark without a rebound.
7:36 of 3rd period - Robert Thomas wins face-off versus Nicolas Roy in LOS ANGELES SEALS zone.
8:50 of 3rd period - Shot by Dylan Strome.
8:50 of 3rd period - Shot Misses the Net.
9:32 of 3rd period - Icing by Brandon Carlo.
9:33 of 3rd period - Jonathan Toews wins face-off versus Christian Dvorak in LOS ANGELES SEALS zone.
9:33 of 3rd period - Jonathan Toews is hit by Brandon Carlo.
10:07 of 3rd period - Off-side.
10:08 of 3rd period - Nicolas Roy wins face-off versus Robert Thomas in neutral zone.
10:45 of 3rd period - Shot by Gabriel Landeskog.
10:45 of 3rd period - Stopped by Linus Ullmark with a rebound.
11:02 of 3rd period - Icing by Torey Krug.
11:03 of 3rd period - Nicolas Roy wins face-off versus Mika Zibanejad in LOS ANGELES SEALS zone.
11:08 of 3rd period - Mika Zibanejad is hit by Nicolas Roy and loses puck.
11:42 of 3rd period - Shot by Mika Zibanejad.
11:42 of 3rd period - Shot Misses the Net.
11:44 of 3rd period - Shot by Brett Pesce.
11:44 of 3rd period - Stopped by Linus Ullmark without a rebound.
11:45 of 3rd period - Dylan Strome wins face-off versus Jonathan Toews in LOS ANGELES SEALS zone.
11:51 of 3rd period - Shot by Mikael Backlund.
11:51 of 3rd period - Stopped by Cameron Talbot with a rebound.
11:53 of 3rd period - Shot by Noah Dobson.
11:53 of 3rd period - Shot Blocked by Jonathan Toews.
11:55 of 3rd period - Shot by Mikael Backlund.
11:55 of 3rd period - Stopped by Cameron Talbot without a rebound.
11:56 of 3rd period - Robert Thomas wins face-off versus Mikael Backlund in PORTLAND PIRATES zone.
11:56 of 3rd period - Robert Thomas is hit by Gustav Nyquist.
12:05 of 3rd period - Robert Thomas is hit by Filip Hronek and loses puck.
12:14 of 3rd period - Shot by Gabriel Landeskog.
12:14 of 3rd period - Stopped by Linus Ullmark without a rebound.
12:15 of 3rd period - Christian Dvorak wins face-off versus Mika Zibanejad in LOS ANGELES SEALS zone.
12:29 of 3rd period - Juho Lammikko is hit by Mark Borowiecki and loses puck.
13:02 of 3rd period - Icing by Ben Hutton.
13:03 of 3rd period - Mikael Backlund wins face-off versus Mika Zibanejad in PORTLAND PIRATES zone.
13:08 of 3rd period - Shot by Matthew Boldy.
13:08 of 3rd period - Stopped by Cameron Talbot without a rebound.
13:09 of 3rd period - Mikael Backlund wins face-off versus Robert Thomas in PORTLAND PIRATES zone.
13:22 of 3rd period - Shot by Mikael Backlund.
13:22 of 3rd period - Shot Misses the Net.
13:24 of 3rd period - Shot by Torey Krug.
13:24 of 3rd period - Shot Misses the Net.
13:26 of 3rd period - Shot by Mikael Backlund.
13:26 of 3rd period - Shot Hit the Post.
13:28 of 3rd period - Shot by Matthew Boldy.
13:28 of 3rd period - Stopped by Cameron Talbot without a rebound.
13:29 of 3rd period - Nicolas Roy wins face-off versus Pavel Zacha in PORTLAND PIRATES zone.
13:40 of 3rd period - Shot by Nicolas Roy.
13:40 of 3rd period - Shot Misses the Net.
15:38 of 3rd period - Shot by Mika Zibanejad.
15:38 of 3rd period - Deflect By Travis Konecny.
15:38 of 3rd period - Shot Blocked by Brady Skjei.
15:50 of 3rd period - Icing by Brady Skjei.
15:51 of 3rd period - Mikael Backlund wins face-off versus Ryan Donato in LOS ANGELES SEALS zone.
16:22 of 3rd period - Shot by Michael Amadio.
16:22 of 3rd period - Stopped by Linus Ullmark with a rebound.
16:30 of 3rd period - Shot by Matthew Boldy.
16:30 of 3rd period - Deflect By Christian Dvorak.
16:30 of 3rd period - Shot Blocked by Thomas Chabot.
16:32 of 3rd period - Shot by Juho Lammikko.
16:32 of 3rd period - Stopped by Cameron Talbot with a rebound.
16:34 of 3rd period - Shot by Marcus Pettersson.
16:34 of 3rd period - Stopped by Cameron Talbot with a rebound.
17:19 of 3rd period - Shot by Yanni Gourde.
17:19 of 3rd period - Shot Misses the Net.
17:50 of 3rd period - Off-side.
17:51 of 3rd period - Jonathan Toews wins face-off versus Nicolas Roy in neutral zone.
18:11 of 3rd period - Shot by Nicolas Roy.
18:11 of 3rd period - Stopped by Cameron Talbot without a rebound.
18:12 of 3rd period - Mika Zibanejad wins face-off versus Gustav Nyquist in PORTLAND PIRATES zone.
18:16 of 3rd period - Off-side.
18:17 of 3rd period - Jonathan Toews wins face-off versus Mikael Backlund in neutral zone.
18:55 of 3rd period - Mikael Backlund is hit by Thomas Chabot and loses puck.
18:58 of 3rd period - Shot by Mikael Backlund.
18:58 of 3rd period - Stopped by Cameron Talbot without a rebound.
18:59 of 3rd period - Nicolas Roy wins face-off versus Mika Zibanejad in PORTLAND PIRATES zone.
Goals for this period are 0 for PORTLAND PIRATES vs 0 for LOS ANGELES SEALS.
Shots for this period are 10 for PORTLAND PIRATES vs 10 for LOS ANGELES SEALS.

Overtime #1


0:01 of 1st overtime period - Mikael Backlund wins face-off versus Mika Zibanejad in neutral zone.
0:10 of 1st overtime period - Shot by Gustav Nyquist.
0:10 of 1st overtime period - Stopped by Cameron Talbot without a rebound.
0:11 of 1st overtime period - Mikael Backlund wins face-off versus Mika Zibanejad in PORTLAND PIRATES zone.
1:38 of 1st overtime period - Shot by Gustav Nyquist.
1:38 of 1st overtime period - Shot Misses the Net.
1:40 of 1st overtime period - Shot by Nicolas Roy.
1:40 of 1st overtime period - Shot Misses the Net.
1:55 of 1st overtime period - Shot by Nicolas Roy.
1:55 of 1st overtime period - Shot Misses the Net.
1:57 of 1st overtime period - Shot by Gustav Nyquist.
1:57 of 1st overtime period - Shot Misses the Net.
2:27 of 1st overtime period - Shot by Dylan Strome.
2:27 of 1st overtime period - Stopped by Cameron Talbot without a rebound.
2:28 of 1st overtime period - Mikael Backlund wins face-off versus Mika Zibanejad in PORTLAND PIRATES zone.
2:31 of 1st overtime period - Shot by Torey Krug.
2:31 of 1st overtime period - Shot Blocked by Thomas Chabot.
2:36 of 1st overtime period - Off-side.
2:37 of 1st overtime period - Mika Zibanejad wins face-off versus Mikael Backlund in neutral zone.
2:56 of 1st overtime period - Shot by Gabriel Landeskog.
2:56 of 1st overtime period - Goal by Gabriel Landeskog - PORTLAND PIRATES : 2 - LOS ANGELES SEALS : 1.
Goals for this period are 1 for PORTLAND PIRATES vs 0 for LOS ANGELES SEALS.
Shots for this period are 1 for PORTLAND PIRATES vs 2 for LOS ANGELES SEALS.


SEBASTIAN
AHO
MARK
SCHEIFELE
JAKE
OETTINGER

EAST COAST

HOCKEY LEAGUE

  • 17.QUE3CHI2
  • 18.CHA2LIM4
  • 19.TRV3LON2
  • 20.CHW1BAL2
  • 21.PITMAN
  • 22.ATLNHW
  • 23.WORPET
  • 24.RHI